Sound Tigers vs Punishers
Created - February 15, 2022 at 19:30
Goals
|
| Sound Tigers |
1 |
2 |
1 |
4 |
| Punishers |
0 |
5 |
1 |
6 |
|
Shots
|
| Sound Tigers |
9 |
20 |
7 |
36 |
| Punishers |
6 |
22 |
12 |
40 |
|
1st period
1. Sound Tigers , Pavel Kraskovsky 11 (Garret Ross 10) at 8:47
Penalties :
Slater Koekkoek (BRI) for Tripping (Minor) at 14:31
2nd period
2. Punishers , Corey Tropp 12 (Zack Hamill 19, Tyler Bertuzzi 13) at 1:16 (PP)
3. Punishers , Tyler Bertuzzi 14 (Radek Faksa 14, Artem Zub 12) at 5:17
4. Sound Tigers , Borna Rendulic 9 (James Livingstone 13, Slater Koekkoek 8) at 6:01 (PP)
5. Sound Tigers , Rhett Gardner 5 (Dylan McIlrath 13, Tyrell Goulbourne 11) at 6:56
6. Punishers , Zack Hamill 18 (Ben Betker 8) at 9:42
7. Punishers , Corey Tropp 13 (Tyler Bertuzzi 14, Zack Hamill 20) at 11:32 (PP)
8. Punishers , Austen Brassard 6 (John Quenneville 15, Nikita Gusev 10) at 19:03
Penalties :
Slater Koekkoek (BRI) for Tripping (Minor) at 0:59, Ben Johnson (BRI) for Hooking (Minor) at 3:54, Brett Kulak (Pro) for Hooking (Minor) at 4:15, Scott Glennie (BRI) for Cross-checking (Minor) at 10:46, Zack Hamill (Pro) for Goalie Interference (Minor) at 13:55
3rd period
9. Punishers , Zack Hamill 19 (Artem Zub 13, Tyler Bertuzzi 15) at 4:02
10. Sound Tigers , Borna Rendulic 10 (James Sheppard 21, Ryan Bourque 18) at 10:22
Penalties :
No Penalty
Goalie Stats
Pavel Francouz (BRI), 34 saves from 40 shots - (0.850), L, 15-10-2, 60:00 minutes
Louis Domingue (Pro), 32 saves from 36 shots - (0.889), W, 12-11-2, 60:00 minutes
Players Stats for Sound Tigers
Player Name G A P +/- PIM S H SB GA TA FO MP PP MP PK MP
------------------------------------------------------------------------------------
Alexander Yelesin 0 0 0 0 0 0 0 0 0 0 0/0 15:02 0:00 1:00
Ben Johnson 0 0 0 -1 2 1 2 0 1 0 1/2 7:42 0:08 0:00
Blake Speers 0 0 0 0 0 0 0 0 0 0 0/0 0:21 0:21 0:00
Borna Rendulic 2 0 2 -1 0 3 0 0 1 1 1/3 21:17 0:50 0:56
Brad Ross 0 0 0 -1 0 2 2 0 0 0 0/0 7:55 0:00 0:16
Brandon Gignac 0 0 0 0 0 0 0 0 0 0 0/0 0:28 0:00 0:24
Connor Murphy 0 0 0 -1 0 6 2 1 0 2 0/0 28:25 1:30 2:17
Dylan McIlrath 0 1 1 -1 0 4 2 1 0 4 0/0 28:25 1:30 2:17
Gabriel Carlsson 0 0 0 0 0 0 1 0 0 0 0/0 14:53 0:00 0:00
Garret Pilon 0 0 0 0 0 0 0 0 0 0 1/1 0:29 0:24 0:00
Garret Ross 0 1 1 1 0 5 4 0 2 0 1/2 18:43 0:56 2:06
James Livingstone 0 1 1 0 0 3 0 0 1 0 0/0 16:47 1:04 0:56
James Sheppard 0 1 1 0 0 3 3 0 0 2 3/11 23:28 1:00 2:08
Josh Archibald 0 0 0 -1 0 0 0 0 0 0 0/0 7:35 0:00 0:00
Julian Melchiori 0 0 0 0 0 1 2 0 0 2 0/0 16:42 0:37 1:06
Pavel Kraskovsky 1 0 1 1 0 2 2 0 0 0 3/11 15:21 0:56 0:00
Rhett Gardner 1 0 1 0 0 1 2 0 0 0 3/5 11:39 0:00 0:00
Ryan Bourque 0 1 1 0 0 1 1 1 0 0 10/33 19:51 0:42 0:00
Scott Glennie 0 0 0 0 2 1 2 0 0 1 0/0 11:38 0:00 0:00
Slater Koekkoek 0 1 1 0 4 2 0 1 0 0 0/0 16:35 0:37 0:06
Tyrell Goulbourne 0 1 1 0 0 1 2 0 1 0 0/1 11:39 0:00 0:00
Players Stats for Punishers
Player Name G A P +/- PIM S H SB GA TA FO MP PP MP PK MP
------------------------------------------------------------------------------------
Alex Schoenborn 0 0 0 0 0 0 0 0 0 0 0/0 0:00 0:00 0:00
Alexander Nylander 0 0 0 0 0 0 0 0 0 0 0/0 0:00 0:00 0:00
Anton Blidh 0 0 0 0 0 3 2 0 1 0 0/0 8:39 0:00 0:41
Artem Zub 0 2 2 0 0 1 0 0 0 1 0/0 19:17 1:01 0:54
Austen Brassard 1 0 1 0 0 2 0 0 1 0 0/0 13:20 0:00 0:00
Austin Wagner 0 0 0 0 0 0 0 0 0 0 0/0 0:18 0:00 0:18
Beck Malenstyn 0 0 0 0 0 0 0 0 0 0 0/0 0:00 0:00 0:00
Ben Betker 0 1 1 0 0 3 0 0 0 1 0/0 25:49 2:22 1:13
Brett Kulak 0 0 0 0 2 5 0 0 0 0 0/0 26:30 2:21 1:05
Carter Ashton 0 0 0 -2 0 2 1 0 1 0 0/0 15:56 1:14 0:00
Chrstian Dvorak 0 0 0 -2 0 0 3 1 0 0 2/2 15:56 1:14 0:00
Connor Clifton 0 0 0 0 0 0 1 1 0 0 0/0 12:19 0:00 0:00
Corey Tropp 2 0 2 2 0 4 1 0 2 2 1/1 21:30 2:09 1:08
Daniel Audette 0 0 0 0 0 0 1 0 0 0 4/4 8:44 0:00 0:46
Fredrik Claesson 0 0 0 1 0 0 0 0 0 0 0/0 13:43 0:00 0:08
Gabriel Gagne 0 0 0 0 0 0 0 0 0 0 1/1 0:51 0:00 0:43
John Quenneville 0 1 1 0 0 3 1 0 0 1 2/6 13:50 0:00 0:30
Michael Joly 0 0 0 0 0 0 1 0 1 0 0/0 7:58 0:00 0:00
Nicolas Roy 0 0 0 0 0 0 0 0 0 0 0/0 0:00 0:00 0:00
Nikita Gusev 0 1 1 0 0 5 3 0 4 0 1/1 13:20 0:00 0:00
Niko Mikkola 0 0 0 1 0 0 0 0 0 0 0/0 3:04 0:00 0:00
Noah Juulsen 0 0 0 0 0 2 1 0 0 1 0/0 19:17 1:01 0:54
Radek Faksa 0 1 1 -1 0 3 2 0 1 0 8/12 16:13 1:14 0:00
Tyler Bertuzzi 1 3 4 3 0 5 1 0 0 0 1/3 19:10 2:09 0:00
Zack Hamill 2 2 4 2 2 2 1 1 1 0 26/39 20:29 2:09 0:08
3 Stars
1 - Tyler Bertuzzi (Pro)
2 - Zack Hamill (Pro)
3 - Corey Tropp (Pro)
Power Play
Sound Tigers - 1 on 2 Attempt(s) - 50.00%
Punishers - 2 on 4 Attempt(s) - 50.00%
Penalty Kill
Sound Tigers - 2 on 4 Attempt(s) - 50.00%
- Score 0 goal in Penalty Kill
Punishers - 1 on 2 Attempt(s) - 50.00%
- Score 0 goal in Penalty Kill
Team Stat
Sound Tigers - Hits : 27 - Faceoff Wins : 23 - Blocked Shots : 4 - Penalty Minutes : 8
Punishers - Hits : 19 - Faceoff Wins : 46 - Blocked Shots : 3 - Penalty Minutes : 4
Official
Referees : Peter MacDougall and Wes McCauley
Linesman : Pierre Racicot and Travis Gawryletz
Game Notes
No Game Note
Finance
Level 1 -- Attendance: 1380 (69.00%) -- Ticket Income $55,200
Level 2 -- Attendance: 603 (60.30%) -- Ticket Income $12,060
Total Attendance: 1983 (66.10%)
Total Ticket Income: $67,260
Other Income: $3,363
Total Income: $70,623
Sound Tigers
5 vs 5 Forward
Center Left Wing Right Wing Time % Phy DF OF
1 Ryan Bourque James Sheppard Borna Rendulic 40 1 2 2
2 Pavel Kraskovsky Garret Ross James Livingstone 30 1 2 2
3 Rhett Gardner Tyrell Goulbourne Scott Glennie 20 1 2 2
4 Ben Johnson Brad Ross Josh Archibald 10 1 2 2
5 vs 5 Defense
Defense Defense Time % Phy DF OF
1 Connor Murphy Dylan McIlrath 40 1 2 2
2 Julian Melchiori Slater Koekkoek 30 1 2 2
3 Gabriel Carlsson Alexander Yelesin 20 1 2 2
4 Connor Murphy Dylan McIlrath 10 1 2 2
PowerPlay Forward
Center Left Wing Right Wing Time % Phy DF OF
1 Ryan Bourque James Sheppard Borna Rendulic 60 1 2 2
2 Pavel Kraskovsky Garret Ross James Livingstone 40 1 2 2
PowerPlay Defense
Defense Defense Time % Phy DF OF
1 Connor Murphy Dylan McIlrath 60 1 2 2
2 Julian Melchiori Slater Koekkoek 40 1 2 2
Penalty Kill 4 Players Forward
Center Wing Time % Phy DF OF
1 James Sheppard Garret Ross 60 1 2 2
2 Borna Rendulic James Livingstone 40 1 2 2
Penalty Kill 4 Players Defense
Defense Defense Time % Phy DF OF
1 Connor Murphy Dylan McIlrath 60 1 2 2
2 Julian Melchiori Slater Koekkoek 40 1 2 2
Penalty Kill - 3 Players Forward
Forward Time % Phy DF OF
1 James Sheppard 60 1 2 2
2 Garret Ross 40 1 2 2
Penalty Kill - 3 Players Defense
Defense Defense Time % Phy DF OF
1 Connor Murphy Dylan McIlrath 60 1 2 2
2 Julian Melchiori Slater Koekkoek 40 1 2 2
4 vs 4 Forward
Center Wing Time % Phy DF OF
1 James Sheppard Garret Ross 60 1 2 2
2 Borna Rendulic James Livingstone 40 1 2 2
4 vs 4 Defense
Defense Defense Time % Phy DF OF
1 Connor Murphy Dylan McIlrath 60 1 2 2
2 Julian Melchiori Slater Koekkoek 40 1 2 2
Last Minutes Offensive
Center Left Wing Right Wing Defense Defense
Ryan Bourque James Sheppard Borna Rendulic Connor Murphy Dylan McIlrath
Last Minutes Defensive
Center Left Wing Right Wing Defense Defense
Ryan Bourque James Sheppard Borna Rendulic Connor Murphy Dylan McIlrath
Goaltenders
Starting : Pavel Francouz
Backup : Sean Maguire
Extra Forwards
Normal : Garret Pilon, Blake Speers, Brandon Gignac - PP : Garret Pilon, Blake Speers - PK : Brandon Gignac
Extra Defensemen
Normal : Gabriel Carlsson, Alexander Yelesin, Julian Melchiori - PP : Gabriel Carlsson - PK : Alexander Yelesin, Julian Melchiori
Penalty Shots
James Sheppard, Garret Ross, Borna Rendulic, James Livingstone, Ryan Bourque
Scratches
Ben Thomson (Healthy), David Broll (Healthy), Joe Labate (Healthy), Casey Staum (Healthy), Chris Driedger (Healthy)
Punishers
5 vs 5 Forward
Center Left Wing Right Wing Time % Phy DF OF
1 Zack Hamill Tyler Bertuzzi Corey Tropp 40 1 2 2
2 Radek Faksa Chrstian Dvorak Carter Ashton 30 1 2 2
3 John Quenneville Nikita Gusev Austen Brassard 20 1 2 2
4 Daniel Audette Anton Blidh Michael Joly 10 1 2 2
5 vs 5 Defense
Defense Defense Time % Phy DF OF
1 Brett Kulak Ben Betker 40 1 2 2
2 Artem Zub Noah Juulsen 30 1 2 2
3 Fredrik Claesson Connor Clifton 20 1 2 2
4 Niko Mikkola Brett Kulak 10 1 2 2
PowerPlay Forward
Center Left Wing Right Wing Time % Phy DF OF
1 Zack Hamill Tyler Bertuzzi Corey Tropp 60 1 2 2
2 Radek Faksa Chrstian Dvorak Carter Ashton 40 1 2 2
PowerPlay Defense
Defense Defense Time % Phy DF OF
1 Brett Kulak Ben Betker 60 1 2 2
2 Artem Zub Noah Juulsen 40 1 2 2
Penalty Kill 4 Players Forward
Center Wing Time % Phy DF OF
1 Zack Hamill Corey Tropp 60 1 2 2
2 Tyler Bertuzzi Radek Faksa 40 1 2 2
Penalty Kill 4 Players Defense
Defense Defense Time % Phy DF OF
1 Brett Kulak Ben Betker 60 1 2 2
2 Artem Zub Noah Juulsen 40 1 2 2
Penalty Kill - 3 Players Forward
Forward Time % Phy DF OF
1 Zack Hamill 60 1 2 2
2 Corey Tropp 40 1 2 2
Penalty Kill - 3 Players Defense
Defense Defense Time % Phy DF OF
1 Brett Kulak Ben Betker 60 1 2 2
2 Artem Zub Noah Juulsen 40 1 2 2
4 vs 4 Forward
Center Wing Time % Phy DF OF
1 Zack Hamill Corey Tropp 60 1 2 2
2 Tyler Bertuzzi Radek Faksa 40 1 2 2
4 vs 4 Defense
Defense Defense Time % Phy DF OF
1 Brett Kulak Ben Betker 60 1 2 2
2 Artem Zub Noah Juulsen 40 1 2 2
Last Minutes Offensive
Center Left Wing Right Wing Defense Defense
Zack Hamill Tyler Bertuzzi Corey Tropp Brett Kulak Ben Betker
Last Minutes Defensive
Center Left Wing Right Wing Defense Defense
Zack Hamill Tyler Bertuzzi Corey Tropp Brett Kulak Ben Betker
Goaltenders
Starting : Louis Domingue
Backup : Daniel Altshuller
Extra Forwards
Normal : Alex Schoenborn, Alexander Nylander, Gabriel Gagne - PP : Alex Schoenborn, Alexander Nylander - PK : Gabriel Gagne
Extra Defensemen
Normal : Fredrik Claesson, Connor Clifton, Niko Mikkola - PP : Fredrik Claesson - PK : Connor Clifton, Niko Mikkola
Penalty Shots
Zack Hamill, Corey Tropp, Tyler Bertuzzi, Radek Faksa, Carter Ashton
Scratches
Connor Ingram (Healthy)
% Time on Ice - Sound Tigers
Lines # - Real PCT - Wanted PCT - Time Play
Normal Forward
1 - 36% - 40% - 19:13
2 - 27% - 30% - 14:25
3 - 22% - 20% - 11:39
4 - 14% - 10% - 7:35
Normal Defense
1 - 39% - 40% - 20:51
2 - 29% - 30% - 15:20
3 - 27% - 20% - 14:02
4 - 5% - 10% - 2:39
PP Forward
1 - 50% - 60% - 1:03
2 - 50% - 40% - 1:04
PP Defense
1 - 71% - 60% - 1:30
2 - 29% - 40% - 0:37
PK Forward
1 - 72% - 60% - 2:27
2 - 28% - 40% - 0:56
PK Defense
1 - 67% - 60% - 2:17
2 - 33% - 40% - 1:06
PK3 Forward
1 - 0% - 60%
2 - 0% - 40%
PK3 Defense
1 - 0% - 60%
2 - 0% - 40%
44 Forward
1 - 78% - 60% - 1:16
2 - 22% - 40% - 0:22
44 Defense
1 - 69% - 60% - 1:08
2 - 31% - 40% - 0:30
Last Minute Offensive - 0:00
Last Minute Defensive - 0:00
Total
Forward - 60:00
Defense - 60:00
|
% Time on Ice - Punishers
Lines # - Real PCT - Wanted PCT - Time Play
Normal Forward
1 - 32% - 40% - 16:52
2 - 28% - 30% - 14:42
3 - 25% - 20% - 13:20
4 - 15% - 10% - 7:58
Normal Defense
1 - 39% - 40% - 20:29
2 - 32% - 30% - 17:00
3 - 23% - 20% - 12:19
4 - 6% - 10% - 3:04
PP Forward
1 - 64% - 60% - 2:09
2 - 36% - 40% - 1:14
PP Defense
1 - 70% - 60% - 2:22
2 - 30% - 40% - 1:01
PK Forward
1 - 100% - 60% - 2:07
2 - 0% - 40% - 0:00
PK Defense
1 - 57% - 60% - 1:13
2 - 43% - 40% - 0:54
PK3 Forward
1 - 0% - 60%
2 - 0% - 40%
PK3 Defense
1 - 0% - 60%
2 - 0% - 40%
44 Forward
1 - 83% - 60% - 1:21
2 - 17% - 40% - 0:17
44 Defense
1 - 78% - 60% - 1:16
2 - 22% - 40% - 0:22
Last Minute Offensive - 0:00
Last Minute Defensive - 0:00
Total
Forward - 60:00
Defense - 60:00
|
Play-by-Play
1st period
0:01 of 1st period - Borna Rendulic wins face-off versus Tyler Bertuzzi in neutral zone.
0:31 of 1st period - Snap shot by Radek Faksa.
0:31 of 1st period - Shot Blocked by Slater Koekkoek.
0:33 of 1st period - Snap shot by Brett Kulak.
0:33 of 1st period - Shot Misses the Net.
0:41 of 1st period - Ben Betker is hit by Garret Ross and loses puck.
0:54 of 1st period - Wrist shot by Rhett Gardner.
0:54 of 1st period - Shot Misses the Net.
0:56 of 1st period - Snap shot by Slater Koekkoek.
0:56 of 1st period - Stopped by Louis Domingue without a rebound.
0:57 of 1st period - Rhett Gardner wins face-off versus John Quenneville in Punishers zone.
1:25 of 1st period - Wrist shot by Nikita Gusev.
1:25 of 1st period - Stopped by Pavel Francouz without a rebound.
1:26 of 1st period - Zack Hamill wins face-off versus Ryan Bourque in Sound Tigers zone.
2:15 of 1st period - Snap shot by Pavel Kraskovsky.
2:15 of 1st period - Shot Blocked by Chrstian Dvorak.
2:17 of 1st period - Slapshot by Connor Murphy.
2:17 of 1st period - Stopped by Louis Domingue without a rebound.
2:18 of 1st period - Zack Hamill wins face-off versus Pavel Kraskovsky in Punishers zone.
2:18 of 1st period - Zack Hamill is hit by Julian Melchiori.
2:28 of 1st period - Snap shot by Pavel Kraskovsky.
2:28 of 1st period - Shot Misses the Net.
2:30 of 1st period - Slapshot by Slater Koekkoek.
2:30 of 1st period - Shot Misses the Net.
2:32 of 1st period - Snap shot by James Livingstone.
2:32 of 1st period - Stopped by Louis Domingue with a rebound.
2:36 of 1st period - Wrist shot by Garret Ross.
2:36 of 1st period - Stopped by Louis Domingue with a rebound.
2:38 of 1st period - Snap shot by Pavel Kraskovsky.
2:38 of 1st period - Stopped by Louis Domingue with a rebound.
3:12 of 1st period - Icing by Corey Tropp.
3:13 of 1st period - Ryan Bourque wins face-off versus Zack Hamill in Punishers zone.
3:19 of 1st period - Off-side.
3:20 of 1st period - Ryan Bourque wins face-off versus Radek Faksa in neutral zone.
3:23 of 1st period - Slapshot by Connor Murphy.
3:23 of 1st period - Stopped by Louis Domingue without a rebound.
3:24 of 1st period - Chrstian Dvorak wins face-off versus Ryan Bourque in Punishers zone.
3:51 of 1st period - Ben Betker is hit by Scott Glennie and loses puck.
4:28 of 1st period - Gabriel Carlsson is hit by Anton Blidh and loses puck.
4:45 of 1st period - Anton Blidh is hit by James Sheppard and loses puck.
5:10 of 1st period - Fredrik Claesson is hit by Tyrell Goulbourne and loses puck.
6:05 of 1st period - Wrist shot by Borna Rendulic.
6:05 of 1st period - Shot Hit the Post.
8:21 of 1st period - Slapshot by Rhett Gardner.
8:21 of 1st period - Deflect By Tyrell Goulbourne.
8:21 of 1st period - Stopped by Louis Domingue without a rebound.
8:22 of 1st period - Daniel Audette wins face-off versus Ryan Bourque in Punishers zone.
8:47 of 1st period - Snap shot by Pavel Kraskovsky.
8:47 of 1st period - Goal by Pavel Kraskovsky - Sound Tigers : 1 - Punishers : 0.
8:48 of 1st period - Chrstian Dvorak wins face-off versus Ryan Bourque in neutral zone.
8:56 of 1st period - Icing by Dylan McIlrath.
8:57 of 1st period - Radek Faksa wins face-off versus Ryan Bourque in Sound Tigers zone.
9:08 of 1st period - Wrist shot by Radek Faksa.
9:08 of 1st period - Stopped by Pavel Francouz with a rebound.
9:10 of 1st period - Wrist shot by Chrstian Dvorak.
9:10 of 1st period - Shot Misses the Net.
9:26 of 1st period - Wrist shot by Carter Ashton.
9:26 of 1st period - Stopped by Pavel Francouz without a rebound.
9:27 of 1st period - Tyler Bertuzzi wins face-off versus Pavel Kraskovsky in Sound Tigers zone.
9:28 of 1st period - Slapshot by Zack Hamill.
9:28 of 1st period - Shot Misses the Net.
9:43 of 1st period - Icing by Slater Koekkoek.
9:44 of 1st period - Radek Faksa wins face-off versus Pavel Kraskovsky in Sound Tigers zone.
11:14 of 1st period - Off-side.
11:15 of 1st period - Radek Faksa wins face-off versus Pavel Kraskovsky in neutral zone.
11:18 of 1st period - Slapshot by Carter Ashton.
11:18 of 1st period - Shot Misses the Net.
12:28 of 1st period - Snap shot by Anton Blidh.
12:28 of 1st period - Stopped by Pavel Francouz with a rebound.
12:30 of 1st period - Snap shot by Ben Betker.
12:30 of 1st period - Deflect By Connor Murphy.
12:30 of 1st period - Stopped by Pavel Francouz without a rebound.
12:31 of 1st period - Zack Hamill wins face-off versus Ryan Bourque in Sound Tigers zone.
12:58 of 1st period - Dylan McIlrath is hit by Radek Faksa and loses puck.
13:46 of 1st period - Icing by Connor Clifton.
13:47 of 1st period - Daniel Audette wins face-off versus Ryan Bourque in Punishers zone.
13:47 of 1st period - Daniel Audette is hit by James Sheppard.
14:09 of 1st period - Snap shot by Anton Blidh.
14:09 of 1st period - Stopped by Pavel Francouz without a rebound.
14:10 of 1st period - Corey Tropp wins face-off versus Pavel Kraskovsky in Sound Tigers zone.
14:31 of 1st period - Minor Penalty to Slater Koekkoek for Tripping.
14:32 of 1st period - Zack Hamill wins face-off versus James Sheppard in Sound Tigers zone.
15:40 of 1st period - Alexander Yelesin is hit by Chrstian Dvorak and loses puck.
16:31 of 1st period - Penalty to Slater Koekkoek is over, Slater Koekkoek is back on ice.
16:40 of 1st period - Scott Glennie is hit by Noah Juulsen and loses puck.
17:39 of 1st period - Daniel Audette is hit by Garret Ross and loses puck.
17:59 of 1st period - Backhand shot by Scott Glennie.
17:59 of 1st period - Shot Misses the Net.
18:01 of 1st period - Slapshot by Connor Murphy.
18:01 of 1st period - Stopped by Louis Domingue with a rebound.
18:11 of 1st period - Ben Betker is hit by Ben Johnson.
19:00 of 1st period - John Quenneville is hit by Gabriel Carlsson and loses puck.
19:49 of 1st period - Julian Melchiori is hit by Chrstian Dvorak and loses puck.
Goals for this period are 1 for Sound Tigers vs 0 for Punishers.
Shots for this period are 9 for Sound Tigers vs 6 for Punishers.
2nd period
0:01 of 2nd period - James Sheppard wins face-off versus Zack Hamill in neutral zone.
0:38 of 2nd period - Off-side.
0:39 of 2nd period - John Quenneville wins face-off versus Borna Rendulic in neutral zone.
0:42 of 2nd period - Slapshot by Brett Kulak.
0:42 of 2nd period - Stopped by Pavel Francouz without a rebound.
0:43 of 2nd period - Nikita Gusev wins face-off versus Ryan Bourque in Sound Tigers zone.
0:44 of 2nd period - Snap shot by John Quenneville.
0:44 of 2nd period - Stopped by Pavel Francouz with a rebound.
0:46 of 2nd period - Slapshot by Ben Betker.
0:46 of 2nd period - Shot Misses the Net.
0:48 of 2nd period - Wrist shot by Austen Brassard.
0:48 of 2nd period - Shot Misses the Net.
0:59 of 2nd period - Minor Penalty to Slater Koekkoek for Tripping.
1:00 of 2nd period - James Sheppard wins face-off versus Zack Hamill in Sound Tigers zone.
1:12 of 2nd period - Wrist shot by Zack Hamill.
1:12 of 2nd period - Shot Blocked by Connor Murphy.
1:16 of 2nd period - Snap shot by Corey Tropp.
1:16 of 2nd period - Goal by Corey Tropp - Sound Tigers : 1 - Punishers : 1.
1:17 of 2nd period - Zack Hamill wins face-off versus Ryan Bourque in neutral zone.
1:42 of 2nd period - Ben Betker is hit by Dylan McIlrath and loses puck.
2:03 of 2nd period - Ben Betker is hit by Brad Ross and loses puck.
2:12 of 2nd period - Wrist shot by Brad Ross.
2:12 of 2nd period - Stopped by Louis Domingue with a rebound.
2:14 of 2nd period - Slapshot by Josh Archibald.
2:14 of 2nd period - Deflect By Ben Johnson.
2:14 of 2nd period - Stopped by Louis Domingue with a rebound.
2:16 of 2nd period - Slapshot by Gabriel Carlsson.
2:16 of 2nd period - Shot Misses the Net.
3:14 of 2nd period - Borna Rendulic is hit by Anton Blidh and loses puck.
3:20 of 2nd period - Connor Murphy is hit by Michael Joly and loses puck.
3:49 of 2nd period - Backhand shot by Nikita Gusev.
3:49 of 2nd period - Stopped by Pavel Francouz with a rebound.
3:51 of 2nd period - Slapshot by Connor Clifton.
3:51 of 2nd period - Deflect By Nikita Gusev.
3:51 of 2nd period - Stopped by Pavel Francouz without a rebound.
3:52 of 2nd period - Ben Johnson wins face-off versus John Quenneville in Sound Tigers zone.
3:54 of 2nd period - Minor Penalty to Ben Johnson for Hooking.
3:55 of 2nd period - Zack Hamill wins face-off versus James Sheppard in Sound Tigers zone.
4:07 of 2nd period - Wrist shot by Zack Hamill.
4:07 of 2nd period - Shot Misses the Net.
4:15 of 2nd period - Minor Penalty to Brett Kulak for Hooking.
4:16 of 2nd period - Zack Hamill wins face-off versus James Sheppard in Punishers zone.
4:23 of 2nd period - Slapshot by Connor Murphy.
4:23 of 2nd period - Stopped by Louis Domingue without a rebound.
4:24 of 2nd period - Zack Hamill wins face-off versus James Sheppard in Punishers zone.
4:35 of 2nd period - Wrist shot by Dylan McIlrath.
4:35 of 2nd period - Deflect By Corey Tropp.
4:35 of 2nd period - Stopped by Louis Domingue with a rebound.
4:37 of 2nd period - Wrist shot by James Sheppard.
4:37 of 2nd period - Shot Misses the Net.
4:39 of 2nd period - Snap shot by James Sheppard.
4:39 of 2nd period - Shot Misses the Net.
5:17 of 2nd period - Slapshot by Tyler Bertuzzi.
5:17 of 2nd period - Goal by Tyler Bertuzzi - Sound Tigers : 1 - Punishers : 2.
5:18 of 2nd period - Zack Hamill wins face-off versus James Sheppard in neutral zone.
5:33 of 2nd period - Snap shot by Corey Tropp.
5:33 of 2nd period - Stopped by Pavel Francouz with a rebound.
5:54 of 2nd period - Penalty to Ben Johnson is over, Ben Johnson is back on ice.
5:59 of 2nd period - Slapshot by Borna Rendulic.
5:59 of 2nd period - Stopped by Louis Domingue with a rebound.
6:01 of 2nd period - Wrist shot by Borna Rendulic.
6:01 of 2nd period - Goal by Borna Rendulic - Sound Tigers : 2 - Punishers : 2.
6:02 of 2nd period - Ryan Bourque wins face-off versus Radek Faksa in neutral zone.
6:56 of 2nd period - Wrist shot by Dylan McIlrath.
6:56 of 2nd period - Deflect By Rhett Gardner.
6:56 of 2nd period - Goal by Rhett Gardner - Sound Tigers : 3 - Punishers : 2.
6:57 of 2nd period - Ryan Bourque wins face-off versus Zack Hamill in neutral zone.
7:54 of 2nd period - Snap shot by Anton Blidh.
7:54 of 2nd period - Stopped by Pavel Francouz with a rebound.
8:10 of 2nd period - Slapshot by Julian Melchiori.
8:10 of 2nd period - Stopped by Louis Domingue with a rebound.
8:12 of 2nd period - Slapshot by Slater Koekkoek.
8:12 of 2nd period - Deflect By John Quenneville.
8:12 of 2nd period - Stopped by Louis Domingue with a rebound.
8:14 of 2nd period - Wrist shot by Julian Melchiori.
8:14 of 2nd period - Deflect By James Sheppard.
8:14 of 2nd period - Stopped by Louis Domingue with a rebound.
8:16 of 2nd period - Snap shot by Ryan Bourque.
8:16 of 2nd period - Stopped by Louis Domingue without a rebound.
8:17 of 2nd period - Zack Hamill wins face-off versus Pavel Kraskovsky in Punishers zone.
8:19 of 2nd period - Icing by Tyler Bertuzzi.
8:20 of 2nd period - Pavel Kraskovsky wins face-off versus Tyler Bertuzzi in Punishers zone.
8:25 of 2nd period - Snap shot by Garret Ross.
8:25 of 2nd period - Shot Misses the Net.
8:45 of 2nd period - Slapshot by Dylan McIlrath.
8:45 of 2nd period - Deflect By Radek Faksa.
8:45 of 2nd period - Stopped by Louis Domingue without a rebound.
8:46 of 2nd period - Ryan Bourque wins face-off versus Radek Faksa in Punishers zone.
9:15 of 2nd period - Snap shot by Tyler Bertuzzi.
9:15 of 2nd period - Stopped by Pavel Francouz without a rebound.
9:16 of 2nd period - Pavel Kraskovsky wins face-off versus Zack Hamill in Sound Tigers zone.
9:21 of 2nd period - Wrist shot by James Livingstone.
9:21 of 2nd period - Stopped by Louis Domingue with a rebound.
9:23 of 2nd period - Slapshot by Dylan McIlrath.
9:23 of 2nd period - Stopped by Louis Domingue with a rebound.
9:25 of 2nd period - Wrist shot by James Livingstone.
9:25 of 2nd period - Stopped by Louis Domingue with a rebound.
9:27 of 2nd period - Backhand shot by Connor Murphy.
9:27 of 2nd period - Stopped by Louis Domingue with a rebound.
9:29 of 2nd period - Slapshot by Connor Murphy.
9:29 of 2nd period - Stopped by Louis Domingue without a rebound.
9:30 of 2nd period - Zack Hamill wins face-off versus Ryan Bourque in Punishers zone.
9:32 of 2nd period - Icing by Brett Kulak.
9:33 of 2nd period - Zack Hamill wins face-off versus Ryan Bourque in Punishers zone.
9:42 of 2nd period - Wrist shot by Zack Hamill.
9:42 of 2nd period - Goal by Zack Hamill - Sound Tigers : 3 - Punishers : 3.
9:43 of 2nd period - Ryan Bourque wins face-off versus Zack Hamill in neutral zone.
10:33 of 2nd period - Artem Zub is hit by Rhett Gardner and loses puck.
10:46 of 2nd period - Minor Penalty to Scott Glennie for Cross-checking.
10:47 of 2nd period - Zack Hamill wins face-off versus James Sheppard in Sound Tigers zone.
10:48 of 2nd period - Wrist shot by Tyler Bertuzzi.
10:48 of 2nd period - Shot Misses the Net.
10:50 of 2nd period - Slapshot by Brett Kulak.
10:50 of 2nd period - Deflect By James Sheppard.
10:50 of 2nd period - Stopped by Pavel Francouz without a rebound.
10:51 of 2nd period - Zack Hamill wins face-off versus James Sheppard in Sound Tigers zone.
10:54 of 2nd period - Wrist shot by Zack Hamill.
10:54 of 2nd period - Shot Misses the Net.
10:56 of 2nd period - Wrist shot by Tyler Bertuzzi.
10:56 of 2nd period - Shot Blocked by Dylan McIlrath.
10:58 of 2nd period - Wrist shot by Ben Betker.
10:58 of 2nd period - Stopped by Pavel Francouz with a rebound.
11:26 of 2nd period - Wrist shot by Radek Faksa.
11:26 of 2nd period - Stopped by Pavel Francouz without a rebound.
11:27 of 2nd period - Zack Hamill wins face-off versus Borna Rendulic in Sound Tigers zone.
11:32 of 2nd period - Snap shot by Corey Tropp.
11:32 of 2nd period - Goal by Corey Tropp - Sound Tigers : 3 - Punishers : 4.
11:33 of 2nd period - Ryan Bourque wins face-off versus Zack Hamill in neutral zone.
11:37 of 2nd period - Dylan McIlrath is hit by Corey Tropp and loses puck.
11:46 of 2nd period - Wrist shot by Tyler Bertuzzi.
11:46 of 2nd period - Stopped by Pavel Francouz with a rebound.
11:48 of 2nd period - Slapshot by Brett Kulak.
11:48 of 2nd period - Stopped by Pavel Francouz with a rebound.
11:58 of 2nd period - Pavel Kraskovsky is hit by Chrstian Dvorak.
12:02 of 2nd period - Slapshot by Dylan McIlrath.
12:02 of 2nd period - Stopped by Louis Domingue with a rebound.
12:38 of 2nd period - Gabriel Carlsson is hit by Tyler Bertuzzi and loses puck.
13:51 of 2nd period - Snap shot by James Sheppard.
13:51 of 2nd period - Stopped by Louis Domingue without a rebound.
13:52 of 2nd period - Zack Hamill wins face-off versus Pavel Kraskovsky in Punishers zone.
13:52 of 2nd period - Zack Hamill is hit by Connor Murphy.
13:55 of 2nd period - Minor Penalty to Zack Hamill for Goalie Interference.
13:56 of 2nd period - Gabriel Gagne wins face-off versus Pavel Kraskovsky in Punishers zone.
14:08 of 2nd period - Slapshot by Brett Kulak.
14:08 of 2nd period - Stopped by Pavel Francouz with a rebound.
15:04 of 2nd period - Corey Tropp is hit by Pavel Kraskovsky and loses puck.
15:40 of 2nd period - Icing by Connor Murphy.
15:41 of 2nd period - Garret Pilon wins face-off versus John Quenneville in Sound Tigers zone.
15:55 of 2nd period - Penalty to Zack Hamill is over, Zack Hamill is back on ice.
16:26 of 2nd period - Ben Johnson is hit by Nikita Gusev and loses puck.
17:51 of 2nd period - Nikita Gusev is hit by Ben Johnson and loses puck.
18:12 of 2nd period - Slapshot by Connor Murphy.
18:12 of 2nd period - Deflect By James Sheppard.
18:12 of 2nd period - Stopped by Louis Domingue without a rebound.
18:13 of 2nd period - Ryan Bourque wins face-off versus Zack Hamill in Punishers zone.
18:20 of 2nd period - Wrist shot by Borna Rendulic.
18:20 of 2nd period - Shot Blocked by Zack Hamill.
18:59 of 2nd period - Snap shot by Nikita Gusev.
18:59 of 2nd period - Stopped by Pavel Francouz with a rebound.
19:01 of 2nd period - Wrist shot by Nikita Gusev.
19:01 of 2nd period - Stopped by Pavel Francouz with a rebound.
19:03 of 2nd period - Snap shot by John Quenneville.
19:03 of 2nd period - Deflect By Austen Brassard.
19:03 of 2nd period - Goal by Austen Brassard - Sound Tigers : 3 - Punishers : 5.
19:04 of 2nd period - Zack Hamill wins face-off versus Ryan Bourque in neutral zone.
19:28 of 2nd period - Icing by Dylan McIlrath.
19:29 of 2nd period - Radek Faksa wins face-off versus Ryan Bourque in Sound Tigers zone.
19:30 of 2nd period - Slapshot by Carter Ashton.
19:30 of 2nd period - Stopped by Pavel Francouz with a rebound.
19:32 of 2nd period - Slapshot by Noah Juulsen.
19:32 of 2nd period - Shot Misses the Net.
19:34 of 2nd period - Backhand shot by Radek Faksa.
19:34 of 2nd period - Stopped by Pavel Francouz without a rebound.
19:35 of 2nd period - Garret Ross wins face-off versus Radek Faksa in Sound Tigers zone.
19:48 of 2nd period - James Livingstone is hit by Radek Faksa and loses puck.
Goals for this period are 2 for Sound Tigers vs 5 for Punishers.
Shots for this period are 20 for Sound Tigers vs 22 for Punishers.
3rd period
0:01 of 3rd period - Zack Hamill wins face-off versus James Sheppard in neutral zone.
0:04 of 3rd period - James Sheppard is hit by Zack Hamill and loses puck.
0:25 of 3rd period - Carter Ashton is hit by Garret Ross and loses puck.
0:44 of 3rd period - Austen Brassard is hit by Julian Melchiori and loses puck.
1:25 of 3rd period - Slapshot by Noah Juulsen.
1:25 of 3rd period - Shot Blocked by Ryan Bourque.
1:27 of 3rd period - Wrist shot by Artem Zub.
1:27 of 3rd period - Stopped by Pavel Francouz with a rebound.
1:29 of 3rd period - Slapshot by Noah Juulsen.
1:29 of 3rd period - Stopped by Pavel Francouz with a rebound.
1:31 of 3rd period - Slapshot by Artem Zub.
1:31 of 3rd period - Deflect By Tyler Bertuzzi.
1:31 of 3rd period - Stopped by Pavel Francouz with a rebound.
1:33 of 3rd period - Wrist shot by Tyler Bertuzzi.
1:33 of 3rd period - Stopped by Pavel Francouz with a rebound.
1:35 of 3rd period - Slapshot by Corey Tropp.
1:35 of 3rd period - Stopped by Pavel Francouz without a rebound.
1:36 of 3rd period - Pavel Kraskovsky wins face-off versus Zack Hamill in Sound Tigers zone.
2:03 of 3rd period - Ben Betker is hit by Connor Murphy and loses puck.
3:13 of 3rd period - Snap shot by Garret Ross.
3:13 of 3rd period - Stopped by Louis Domingue with a rebound.
3:56 of 3rd period - Off-side.
3:57 of 3rd period - Zack Hamill wins face-off versus Ben Johnson in neutral zone.
4:00 of 3rd period - Snap shot by Tyler Bertuzzi.
4:00 of 3rd period - Shot Hit the Post.
4:02 of 3rd period - Slapshot by Artem Zub.
4:02 of 3rd period - Deflect By Zack Hamill.
4:02 of 3rd period - Goal by Zack Hamill - Sound Tigers : 3 - Punishers : 6.
4:03 of 3rd period - Zack Hamill wins face-off versus Ryan Bourque in neutral zone.
4:08 of 3rd period - Slapshot by Ben Betker.
4:08 of 3rd period - Stopped by Pavel Francouz without a rebound.
4:09 of 3rd period - Ryan Bourque wins face-off versus Zack Hamill in Sound Tigers zone.
4:44 of 3rd period - Off-side.
4:45 of 3rd period - Zack Hamill wins face-off versus Ryan Bourque in neutral zone.
5:12 of 3rd period - Artem Zub is hit by Garret Ross and loses puck.
5:17 of 3rd period - Wrist shot by Garret Ross.
5:17 of 3rd period - Deflect By Noah Juulsen.
5:17 of 3rd period - Stopped by Louis Domingue with a rebound.
6:11 of 3rd period - Josh Archibald is hit by John Quenneville and loses puck.
6:16 of 3rd period - Snap shot by John Quenneville.
6:16 of 3rd period - Stopped by Pavel Francouz with a rebound.
6:18 of 3rd period - Snap shot by Austen Brassard.
6:18 of 3rd period - Stopped by Pavel Francouz without a rebound.
6:19 of 3rd period - Zack Hamill wins face-off versus Ryan Bourque in Sound Tigers zone.
6:46 of 3rd period - Carter Ashton is hit by Pavel Kraskovsky.
7:07 of 3rd period - Snap shot by Rhett Gardner.
7:07 of 3rd period - Deflect By Tyrell Goulbourne.
7:07 of 3rd period - Shot Misses the Net.
7:07 of 3rd period - Puck is out of play.
7:08 of 3rd period - Rhett Gardner wins face-off versus Zack Hamill in Punishers zone.
8:21 of 3rd period - Wrist shot by Tyrell Goulbourne.
8:21 of 3rd period - Deflect By Rhett Gardner.
8:21 of 3rd period - Shot Misses the Net.
8:21 of 3rd period - Puck is out of play.
8:22 of 3rd period - Zack Hamill wins face-off versus Tyrell Goulbourne in Punishers zone.
8:52 of 3rd period - Slapshot by Scott Glennie.
8:52 of 3rd period - Stopped by Louis Domingue without a rebound.
8:53 of 3rd period - Radek Faksa wins face-off versus Ryan Bourque in Punishers zone.
9:37 of 3rd period - Dylan McIlrath is hit by Daniel Audette and loses puck.
10:12 of 3rd period - Wrist shot by Garret Ross.
10:12 of 3rd period - Stopped by Louis Domingue without a rebound.
10:13 of 3rd period - Radek Faksa wins face-off versus Ryan Bourque in Punishers zone.
10:22 of 3rd period - Snap shot by Borna Rendulic.
10:22 of 3rd period - Goal by Borna Rendulic - Sound Tigers : 4 - Punishers : 6.
10:23 of 3rd period - Ryan Bourque wins face-off versus Zack Hamill in neutral zone.
10:48 of 3rd period - Ben Betker is hit by Rhett Gardner and loses puck.
11:24 of 3rd period - Icing by Ben Betker.
11:25 of 3rd period - Radek Faksa wins face-off versus Ryan Bourque in Punishers zone.
11:31 of 3rd period - Off-side.
11:32 of 3rd period - Zack Hamill wins face-off versus Ryan Bourque in neutral zone.
12:04 of 3rd period - Snap shot by John Quenneville.
12:04 of 3rd period - Shot Misses the Net.
12:10 of 3rd period - John Quenneville is hit by James Sheppard.
12:19 of 3rd period - Off-side.
12:20 of 3rd period - Daniel Audette wins face-off versus Garret Ross in neutral zone.
12:35 of 3rd period - Slapshot by Garret Ross.
12:35 of 3rd period - Deflect By Fredrik Claesson.
12:35 of 3rd period - Stopped by Louis Domingue with a rebound.
12:51 of 3rd period - Zack Hamill is hit by Scott Glennie and loses puck.
13:21 of 3rd period - Brad Ross is hit by Connor Clifton and loses puck.
13:32 of 3rd period - Snap shot by Garret Ross.
13:32 of 3rd period - Shot Misses the Net.
14:29 of 3rd period - Wrist shot by Daniel Audette.
14:29 of 3rd period - Shot Misses the Net.
14:45 of 3rd period - Pavel Kraskovsky is hit by Carter Ashton and loses puck.
14:51 of 3rd period - Off-side.
14:52 of 3rd period - John Quenneville wins face-off versus Rhett Gardner in neutral zone.
15:01 of 3rd period - Off-side.
15:02 of 3rd period - Zack Hamill wins face-off versus Rhett Gardner in neutral zone.
15:05 of 3rd period - Slapshot by Brett Kulak.
15:05 of 3rd period - Stopped by Pavel Francouz without a rebound.
15:06 of 3rd period - Zack Hamill wins face-off versus Ryan Bourque in Sound Tigers zone.
15:32 of 3rd period - Ben Betker is hit by Tyrell Goulbourne and loses puck.
16:12 of 3rd period - Corey Tropp is hit by Brad Ross and loses puck.
16:17 of 3rd period - Wrist shot by Brad Ross.
16:17 of 3rd period - Stopped by Louis Domingue with a rebound.
16:26 of 3rd period - Icing by Dylan McIlrath.
16:27 of 3rd period - Daniel Audette wins face-off versus Ryan Bourque in Sound Tigers zone.
17:34 of 3rd period - Slapshot by Noah Juulsen.
17:34 of 3rd period - Stopped by Pavel Francouz without a rebound.
17:35 of 3rd period - Radek Faksa wins face-off versus Ryan Bourque in Sound Tigers zone.
17:43 of 3rd period - Off-side.
17:44 of 3rd period - Rhett Gardner wins face-off versus Zack Hamill in neutral zone.
17:57 of 3rd period - Wrist shot by Tyrell Goulbourne.
17:57 of 3rd period - Shot Blocked by Connor Clifton.
18:13 of 3rd period - Snap shot by John Quenneville.
18:13 of 3rd period - Stopped by Pavel Francouz without a rebound.
18:14 of 3rd period - James Sheppard wins face-off versus John Quenneville in Sound Tigers zone.
18:37 of 3rd period - Nikita Gusev is hit by Dylan McIlrath and loses puck.
18:57 of 3rd period - Noah Juulsen is hit by Ryan Bourque and loses puck.
19:04 of 3rd period - Borna Rendulic is hit by Nikita Gusev and loses puck.
19:47 of 3rd period - Borna Rendulic is hit by Nikita Gusev and loses puck.
Goals for this period are 1 for Sound Tigers vs 1 for Punishers.
Shots for this period are 7 for Sound Tigers vs 12 for Punishers.